 Dungeon Crawl Stone Soup version 0.27-a0-836-gfc908b8576 (webtiles) character file.

Game seed: 4297616422434799244

120 funkygono the Magician (level 5, -9/35 HPs)
             Began as a Djinni Fire Elementalist on Mar 31, 2021.
             Mangled by a gnoll
             ... wielding a +5 flail
              (15 damage)
             ... on level 3 of the Dungeon.
             The game lasted 00:04:34 (2605 turns).

funkygono the Magician (Djinni Fire Elementalist)   Turns: 2605, Time: 00:04:35

Health: -9/35      AC:  2    Str:  7    XL:     5   Next: 4%
Gold:   124        EV: 12    Int: 18    God:
                   SH:  0    Dex: 13

rFire    + + .     SeeInvis .   e - +3 mace
rCold    x . .     Faith    .   (no shield)
rNeg     . . .     Spirit   .   a - +0 robe
rPois    ∞         Reflect  .   (no helmet)
rElec    .         Harm     .   (no cloak)
rCorr    .         Rampage  .   (no gloves)
Will     .....                  (boots unavailable)
Stlth    ++........             (no amulet)
HPRegen  0.11/turn              (no ring)
MPRegen  0.00/turn              (no ring)

@: flying
A: fire resistance 2, cold vulnerability 1, float, innate caster, hp casting,
extra vitality 1
a: no special abilities


You were on level 3 of the Dungeon.
You visited 1 branch of the dungeon, and saw 3 of its levels.

You collected 124 gold pieces.

Inventory:

Hand Weapons
 c - a +1 mace of draining
 e - a +3 mace (weapon)
 f - a +0 dagger
Armour
 a - a +0 robe (worn)
Scrolls
 h - a scroll of identify {unknown}
Potions
 b - 3 potions of degeneration {unknown}
 d - a potion of might {unknown}
 g - a potion of haste {unknown}


   Skills:
 + Level 0.2 Fighting
 + Level 0.1 Maces & Flails
 * Level 2.9 Dodging
 - Level 1.5 Stealth
 * Level 4.4 Spellcasting


You couldn't memorise any spells.
You knew the following spells:

 Your Spells              Type           Power      Damage    Failure   Level
a - Foxfire               Conj/Fire      76%        2x1d7     2%          1
b - Conjure Flame         Conj/Fire      19%        6-21      7%          3
c - Inner Flame           Hex/Fire       19%        N/A       7%          3
d - Sticky Flame          Conj/Fire      19%        2d4       22%         4
e - Fireball              Conj/Fire      9%         3d6       54%         5
f - Corona                Hex            21%        N/A       2%          1
g - Corpse Rot            Necr/Air       N/A        N/A       3%          2
Your spell library was empty.

Dungeon Overview and Level Annotations

Branches:
Dungeon (3/15)

Altars:
Qazlal


Innate Abilities, Weirdness & Mutations

You are immune to poison.
Your flesh is very heat resistant. (rF++)
You are vulnerable to cold. (rC-)
You float through the air rather than walking.
You learn spells naturally, not from books.
Your magical power is your life essence.
You have superior vitality. (+4 HP)


Message History

You conjure some foxfire!
A gnoll comes into view. It is wielding a +5 flail.
Casting: Foxfire (safe; 2% risk of failure)
Confirm with . or Enter, or press ? or * to list all spells.
You smell decay.
The foxfire hits the goblin.
The goblin is heavily wounded.
The foxfire hits the goblin but does no damage.
The goblin is heavily wounded.
The goblin hits you with a +0 dagger.
Casting: Corpse Rot (safe; 3% risk of failure)
Confirm with . or Enter, or press ? or * to list all spells.
You conjure some foxfire!
The goblin hits you with a +0 dagger.
The foxfire hits the goblin.
You kill the goblin!
The foxfire hits the gnoll.
The gnoll is lightly wounded.
Casting: Foxfire (safe; 2% risk of failure)
Confirm with . or Enter, or press ? or * to list all spells.
You conjure some foxfire!
The foxfire hits the gnoll.
The gnoll is moderately wounded.
The foxfire hits the gnoll but does no damage.
The gnoll is moderately wounded.
Casting: Foxfire (safe; 2% risk of failure)
Confirm with . or Enter, or press ? or * to list all spells.
There is nothing fresh enough to decay nearby.
The gnoll hits you with a +5 flail!
Casting: Corpse Rot (safe; 3% risk of failure)
Confirm with . or Enter, or press ? or * to list all spells.
You conjure some foxfire!
The gnoll misses you. The gnoll barely misses you.
Casting: Foxfire (safe; 2% risk of failure)
Confirm with . or Enter, or press ? or * to list all spells.
You conjure some foxfire!
The foxfire hits the gnoll!
The gnoll is almost dead.
The foxfire hits the gnoll.
The gnoll is moderately wounded.
The gnoll hits you with a +4 whip!
* * * LOW HITPOINT WARNING * * *
The gnoll hits you with a +5 flail!
You die...

..#....####......
#.#..#.#.........
...........######
##...####.......#
###..# #.#####...
##..§.# ##.# #
#..##.#####..# # #
#v....#...#........
##v@g........####...
##...g..#.##### .##
.......)....#
#####......##
#.....## #.....# .
#.....# .# #......
#####...


You could see 2 gnolls.

Vanquished Creatures
  A jelly (D:3)
  Natasha (D:3)
  A worm (D:2)
  A dart slug (D:2)
  A bat (D:1)
  8 endoplasms
  2 giant cockroaches
  9 goblins
  3 hobgoblins (D:1)
  8 jackals
  2 kobolds
  3 quokkas
  5 ball pythons
  4 frilled lizards
  2 rats (D:1)
51 creatures vanquished.

Vanquished Creatures (others)
  180 foxfires
  A plant (D:1)
  4 withered plants (D:3)
185 creatures vanquished.

Grand Total: 236 creatures vanquished

Notes
Turn   | Place    | Note
-------+----------+-------------------------------------------
     0 | D:1      | funkygono the Djinni Fire Elementalist began the quest for
                  | the Orb.
     0 | D:1      | Reached XP level 1. HP: 15/15 MP: 0/0
   158 | D:1      | Reached skill level 3 in Spellcasting
   224 | D:1      | Reached XP level 2. HP: 19/21 MP: 0/0
   845 | D:1      | Reached XP level 3. HP: 18/25 MP: 0/0
   845 | D:1      | Learned a level 1 spell: Corona
  2142 | D:3      | Noticed Natasha
  2152 | D:3      | Killed Natasha
  2153 | D:3      | Reached skill level 4 in Spellcasting
  2153 | D:3      | Reached XP level 4. HP: 12/31 MP: 0/0
  2401 | D:3      | Found a stormy altar of Qazlal.
  2410 | D:3      | Noticed an air elemental
  2411 | D:3      | Noticed a water elemental
  2411 | D:3      | Noticed a fire elemental
  2411 | D:3      | Noticed an earth elemental
  2530 | D:3      | Reached XP level 5. HP: 33/35 MP: 0/0
  2530 | D:3      | Learned a level 2 spell: Corpse Rot
  2605 | D:3      | Mangled by a gnoll

Illustrated notes

Levels and vault maps discovered:
D:1:      denvon_arrival_planthouse, layout_basic, hangedman_decor_peaks_small,
          st_stairs_6
D:2:      layout_basic
D:3:      layout_rooms, dancing_weapons_uskayaw,
          yredelemnul_forgotten_temple_becter, kiku_gazebo_garden_becter,
          nicolae_qazlal_style_of_elements, uniq_natasha

Skill      XL: |  1  2  3 |
---------------+----------+-----
Spellcasting   | 3 4 |  4.4
Fighting       | |  0.2
Maces & Flails | |  0.1
Dodging        | |  2.9
Stealth        | |  1.5

Action                   |  1- 3 |  4- 6 || total
-------------------------+-------+-------++-------
Melee: Mace              |     5 |       ||     5
       Unarmed           |     1 |       ||     1
 Cast: Foxfire           |    83 |    22 ||   105
       Corpse Rot        |       |     1 ||     1
  Use: Scroll            |     1 |       ||     1
Armor: Robe              |     4 |     1 ||     5
Dodge: Dodged            |    11 |     3 ||    14

Table legend: (Time is in decaauts)
 A = Elapsed time spent in this place.
 B = Non-inter-level travel time spent in this place.
 C = Inter-level travel time spent in this place.
 D = Time resting spent in this place.
 E = Time spent auto-exploring this place.
 F = Levels seen in this place.
 G = Mean time per level.
                   A        B        C        D        E       F      G
               +--------+--------+--------+--------+--------+-----+--------+
         Total |   2605 |   2554 |     51 |      0 |   2251 |   3 |  868.3 |
       Dungeon |   2605 |   2554 |     51 |      0 |   2251 |   3 |  868.3 |
               +--------+--------+--------+--------+--------+-----+--------+

Top non-repeatable levels by time:
     D:1: 1416 daAuts
     D:2: 726 daAuts
     D:3: 462 daAuts
